 Dungeon Crawl Stone Soup version 0.31-a0-343-g456c268693 (webtiles) character file.

Game seed: 3684381571188959785

9794 Enroth the Grappler (level 11, -9/84 HPs)
             Began as a Gnoll Shapeshifter on July 21, 2023.
             Was a Believer of Makhleb.
             Mangled by a cane toad (20 damage)
             ... on level 1 of the Lair of Beasts.
             The game lasted 00:40:01 (10048 turns).

Enroth the Grappler (Gnoll Shapeshifter)           Turns: 10048, Time: 00:40:02

Health: -9/84      AC:  6    Str: 20    XL:     11   Next: 52%
Magic:  20/20      EV: 13    Int:  7    God:    Makhleb [**....]
Gold:   605        SH: 11    Dex: 12    Spells: 23/23 levels left

rFire   . .          .
                       - Unarmed
rCold   + . .        p - +1 buckler {rN+}
rNeg    + . .        g - +0 ring mail of the Eight Boll Weevils {rElec Slay+2}
rPois   +            (helmet currently unavailable)
rElec   +            i - melded scarf {repulsion}
rCorr   .            (gloves currently unavailable)
SInv    .            (boots currently unavailable)
Will    +....        z - amulet of reflection
Stlth   +++          y - ring of willpower
HPRegen 0.34/turn    n - ring of protection from cold
MPRegen 0.17/turn

%: reflection
@: beast-form
A: beast (slay +6), fangs 1, strong nose, distributed training, poison
resistance, electricity resistance, subdued magic 1
a: Begin Untransformation, Renounce Religion, Minor Destruction


You were on level 1 of the Lair of Beasts.
You worshipped Makhleb.
Makhleb was pleased with you.
You were a hulking beast.
You visited 3 branches of the dungeon, and saw 11 of its levels.
You also visited: Ossuary.

You collected 605 gold pieces.

Inventory:

Hand Weapons
 d - a +0 orcbow
Armour
 g - the +0 ring mail of the Eight Boll Weevils (worn) {rElec Slay+2}
   (You found it on level 8 of the Dungeon)

   Slay:      It affects your accuracy & damage with ranged weapons and melee
   (+2).
   rElec:     It insulates you from electricity.
 i - a scarf of repulsion (melded)
 p - a +1 buckler of positive energy (worn)
Jewellery
 n - a ring of protection from cold (right hand)
 y - a ring of willpower (left hand)
 z - an amulet of reflection (around neck)
Talismans
 c - a beast talisman
Wands
 v - a wand of acid (3)
 w - a wand of flame (30)
Scrolls
 a - 3 scrolls of enchant weapon {unknown}
 e - a scroll of teleportation
 k - 4 scrolls of revelation
 o - 3 scrolls of identify
 q - a scroll of enchant armour {unknown}
 s - a scroll of amnesia {unknown}
Potions
 b - a potion of lignification
 f - a potion of brilliance {unknown}
 h - a potion of cancellation {unknown}
 j - 2 potions of haste
 l - a potion of berserk rage {unknown}
 r - a potion of heal wounds
 t - a potion of ambrosia
 u - a potion of mutation
Miscellaneous
 m - a sack of spiders (inert)


   Skills:
 + Level 7.0 Fighting
 + Level 6.5 Short Blades
 + Level 6.5 Long Blades
 + Level 6.5 Axes
 + Level 6.5 Maces & Flails
 + Level 6.5 Polearms
 + Level 6.5 Staves
 + Level 6.5 Ranged Weapons
 + Level 6.5 Throwing
 + Level 6.5 Armour
 + Level 8.0 Dodging
 + Level 6.5 Stealth
 + Level 6.5 Shields
 + Level 9.3 Unarmed Combat
 + Level 6.5 Spellcasting
 + Level 5.3 Conjurations
 + Level 5.3 Hexes
 + Level 5.3 Summonings
 + Level 5.3 Necromancy
 + Level 5.3 Translocations
 + Level 5.3 Transmutations
 + Level 5.3 Fire Magic
 + Level 5.3 Ice Magic
 + Level 5.3 Air Magic
 + Level 5.3 Earth Magic
 + Level 5.3 Poison Magic
 + Level 7.1 Invocations
 + Level 6.5 Evocations
 + Level 8.6 Shapeshifting


You had 23 spell levels left.
You didn't know any spells.
Your spell library contained the following spells:

 Spells                   Type           Power      Damage    Failure   Level
 Kiss of Death            Conj/Necr      28%        2d7       3%          1
 Necrotise                Necr           28%        1d5       3%          1
 Sandblast                Erth           14%        2d6       3%          1
 Passwall                 Tmut/Erth      5%         N/A       6%          2
 Poisonous Vapours        Pois/Air       14%        N/A       6%          2
 Sublimation of Blood     Necr           7%         N/A       6%          2
 Confusing Touch          Hex            7%         N/A       13%         3
 Mephitic Cloud           Conj/Pois/Air  7%         N/A       13%         3
 Stone Arrow              Conj/Erth      14%        3d7       13%         3
 Animate Armour           Summ/Erth      14%        N/A       41%         4
 Dispel Undead            Necr           7%         3d8       41%         4
 Freezing Cloud           Conj/Ice/Air   3%         6-21      77%         5
 Lehudib's Crystal Spear  Conj/Erth      3%         10d3      100%        8


Dungeon Overview and Level Annotations

Branches:
Dungeon (9/15)             Temple (1/1) D:6            Lair (1/5) D:9
Ossuary (visited)
    Orc: D:9-12

Altars:
Ashenzari
Dithmenos
Elyvilon
Fedhas
Gozag
Hepliaklqana
Kikubaaqudgha
Makhleb
Nemelex Xobeh
Okawaru
Qazlal
Ru
Sif Muna
Trog
Uskayaw
Wu Jian
Xom
Yredelemnul
Zin
The Shining One

Shops:
D:1 (   D:3 (

Annotations:
D:4 2 transporters
D:5 3 runed translucent doors, paps's ghost, amateur OpSh
D:7 2 transporters, syranez's ghost, novice MiBe
Lair:1 Joseph


Innate Abilities, Weirdness & Mutations

You are a hulking beast.
Your limbs bulge with bestial killing power. (Slay +6)
You have very sharp teeth.
Your uncanny sense of smell can sniff out nearby items.
Your experience applies equally to all skills.
Your system is resistant to poisons. (rPois)
You are resistant to electric shocks. (rElec)
Your spells are a little easier to cast, but a little less powerful.


Message History

You punch the blink frog!
The blink frog is heavily wounded.
The blink frog blinks!
As you read the scroll of teleportation, it crumbles to dust.
You feel strangely unstable. You block the blink frog's attack.
The blink frog hits you.
You punch the blink frog!
You kill the blink frog!
Makhleb accepts your kill.
You block the blink frog's attack. x2; Joseph unwields a +0 sling.
Joseph wields a +0 quarterstaff.
You block Joseph's attack. The blink frog hits you.
The blink frog blinks!
You punch Joseph!
Joseph is lightly wounded.
You block the blink frog's attack. Joseph hits you with a +0 quarterstaff!
You hit the blink frog. You bite the blink frog!
The blink frog is moderately wounded.
Your surroundings suddenly seem different.
A cane toad and a bullfrog come into view.
Found a scale mail.
There are monsters nearby!
The cane toad croaks.
The bullfrog gives a loud, deep croak!
You punch the cane toad!
The cane toad is moderately wounded.
You block the cane toad's attack.
You closely miss the cane toad.
The cane toad is moderately wounded.
The cane toad stings you!
* * * LOW HITPOINT WARNING * * *
You punch the cane toad!
You bite the cane toad, but do no damage.
The cane toad is heavily wounded.
The bullfrog hits you!
* * * LOW HITPOINT WARNING * * *
The cane toad barely misses you.
You hit the cane toad.
The cane toad is severely wounded.
The bullfrog completely misses you. The cane toad stings you!!
You die...
P.PPP.PPP.... #... .PPPPPPPP... ###...∆ ...PPPPP.. ..... ..PPPP##. ##...# .PPP#

## ##....#
...#
#.....#
#.....##
#..[Fh.#
#....F....#
#.........#
#........##
##......P#
##.....##
#....##
##..##


You could see a cane toad and a bullfrog.

Vanquished Creatures
  Gastronok (Lair:1)
  Amaemon (Lair:1)
  A black mamba (Lair:1)
  An orange demon (Lair:1)
  2 cane toads (Lair:1)
  2 komodo dragons (Lair:1)
  5 blink frogs (Lair:1)
  A spriggan (D:7)
  A wraith (D:6)
  4 yaks (D:9)
  4 wyverns
  Eustachio (D:4)
  A basilisk (D:9)
  A steam dragon (D:7)
  Menkaure (D:7)
  An acid dragon (D:9)
  4 water moccasins (D:9)
  An ice beast (D:7)
  2 orc warriors (D:9)
  A black bear (D:7)
  A sky beast (D:8)
  A centaur (D:5)
  An ogre (D:4)
  2 wolves (Lair:1)
  2 elf zombies (Ossuary)
  4 bullfrogs
  A gnoll sergeant (D:7)
  6 wights
  6 killer bees (D:9)
  3 howler monkeys (D:8)
  2 human zombies (Ossuary)
  5 hounds
  5 orc priests
  2 jellies
  A sleepcap (D:5)
  5 orc wizards
  4 iguanas
  A mummy (Ossuary)
  5 gnolls
  7 adders
  A shadow imp (D:5)
  An adder zombie (Ossuary)
  A worm (D:2)
  2 dart slugs
  30 orcs
  10 endoplasms
  A giant cockroach (D:2)
  7 goblins
  5 hobgoblins
  4 kobolds
  7 quokkas
  7 ball pythons
  4 bats
  4 frilled lizards
  A goblin zombie (Ossuary)
  5 hobgoblin zombies (Ossuary)
  10 kobold zombies (Ossuary)
  7 orc zombies (Ossuary)
  5 rats
212 creatures vanquished.

Vanquished Creatures (collateral kills)
  A blink frog (Lair:1)
  2 wolves (Lair:1)
3 creatures vanquished.

Grand Total: 215 creatures vanquished

Notes
Turn   | Place    | Note
-------+----------+-------------------------------------------
     0 | D:1      | Enroth the Gnoll Shapeshifter began the quest for the Orb.
     0 | D:1      | Reached XP level 1. HP: 17/17 MP: 1/1
    93 | D:1      | Reached XP level 2. HP: 22/23 MP: 2/2
   349 | D:1      | Found Nousewoa's Antique Weapon Shop.
   506 | D:1      | Reached XP level 3. HP: 28/28 MP: 3/3
   856 | D:2      | Reached skill level 1 in Invocations
  1199 | D:2      | Reached skill level 1 in Short Blades
  1199 | D:2      | Reached skill level 1 in Long Blades
  1199 | D:2      | Reached skill level 1 in Axes
  1199 | D:2      | Reached skill level 1 in Maces & Flails
  1199 | D:2      | Reached skill level 1 in Polearms
  1199 | D:2      | Reached skill level 1 in Staves
  1199 | D:2      | Reached skill level 1 in Ranged Weapons
  1199 | D:2      | Reached skill level 1 in Throwing
  1199 | D:2      | Reached skill level 1 in Armour
  1199 | D:2      | Reached skill level 1 in Stealth
  1199 | D:2      | Reached skill level 1 in Shields
  1199 | D:2      | Reached skill level 1 in Spellcasting
  1199 | D:2      | Reached skill level 1 in Evocations
  1312 | D:3      | Found Resu's Weapon Shoppe.
  1359 | D:3      | Reached XP level 4. HP: 21/34 MP: 5/5
  1453 | D:3      | Found a sparkling altar of Nemelex Xobeh.
  1674 | D:3      | Reached skill level 1 in Conjurations
  1674 | D:3      | Reached skill level 1 in Hexes
  1674 | D:3      | Reached skill level 1 in Summonings
  1674 | D:3      | Reached skill level 1 in Necromancy
  1674 | D:3      | Reached skill level 1 in Translocations
  1674 | D:3      | Reached skill level 1 in Transmutations
  1674 | D:3      | Reached skill level 1 in Fire Magic
  1674 | D:3      | Reached skill level 1 in Ice Magic
  1674 | D:3      | Reached skill level 1 in Air Magic
  1674 | D:3      | Reached skill level 1 in Earth Magic
  1674 | D:3      | Reached skill level 1 in Poison Magic
  1973 | D:3      | Identified the +4 dagger of the Dead {distort, +Blink rF+
                  | rC+}
  2077 | D:3      | Found a white marble altar of Elyvilon.
  2236 | D:3      | Found a faded altar of an unknown god.
  2295 | D:4      | Reached XP level 5. HP: 34/40 MP: 5/7
  2324 | D:4      | Noticed an ogre
  2348 | D:4      | Found a transporter.
  2461 | D:4      | Noticed Eustachio
  2480 | D:4      | Killed Eustachio
  2481 | D:4      | Reached XP level 6. HP: 47/47 MP: 8/8
  2550 | D:4      | Gained mutation: You are occasionally teleported next to
                  | monsters. [potion of mutation]
  2550 | D:4      | Gained mutation: You have a pair of small horns on your
                  | head. [potion of mutation]
  2553 | D:4      | Reached skill level 5 in Dodging
  2810 | D:4      | Found a sand-covered staircase.
  2816 | Ossuary  | Entered an ossuary
  2933 | Ossuary  | Reached XP level 7. HP: 31/52 MP: 10/10
  2944 | Ossuary  | Reached skill level 7 in Unarmed Combat
  3384 | D:4      | Identified the +11 trident of Vodka {heavy, *Rage rPois
                  | Will+++ Int-5}
  3435 | D:4      | Found a transporter.
  3670 | D:5      | Entered Level 5 of the Dungeon
  3688 | D:5      | Found a hide-covered altar of Uskayaw.
  3811 | D:5      | Identified the +3 ring mail of the Kappa {rPois rN+}
  4203 | D:5      | Found a runed translucent gate.
  4203 | D:5      | Found a runed translucent gate.
  4203 | D:5      | Found an opulent altar of Gozag.
  4206 | D:5      | Found a runed translucent gate.
  4207 | D:5      | Noticed paps's ghost (amateur OpSh)
  4207 | D:5      | Noticed a gargoyle
  4313 | D:5      | Identified the amulet of Susopioh {RegenMP Will+ Str+3
                  | Int+2}
  4337 | D:5      | Found a stormy altar of Qazlal.
  4376 | D:5      | Reached XP level 8. HP: 33/60 MP: 12/12
  4781 | D:5      | Lost mutation: You have a pair of small horns on your head.
                  | [potion of mutation]
  4781 | D:5      | Lost mutation: You are occasionally teleported next to
                  | monsters. [potion of mutation]
  4781 | D:5      | Gained mutation: Your system is resistant to poisons.
                  | (rPois) [potion of mutation]
  4781 | D:5      | Gained mutation: Your spells are a little easier to cast,
                  | but a little less powerful. [potion of mutation]
  4781 | D:5      | Gained mutation: You are resistant to electric shocks.
                  | (rElec) [potion of mutation]
  5219 | D:6      | Found a staircase to the Ecumenical Temple.
  5225 | Temple   | Entered the Ecumenical Temple
  5239 | Temple   | Became a worshipper of Makhleb the Destroyer
  5408 | D:6      | Noticed a wraith
  5423 | D:6      | Killed a wraith
  5537 | D:6      | Found a bloodstained altar of Trog.
  5537 | D:6      | Found a glowing silver altar of Zin.
  5543 | D:6      | Found an ancient bone altar of Kikubaaqudgha.
  5545 | D:6      | Found a faded altar of an unknown god.
  5547 | D:6      | Found a faded altar of an unknown god.
  5612 | D:6      | Got the Parchment of Abhorrent Words
  5791 | D:7      | Identified the +2 long sword "Zaynwigg" {heavy, *Slow rPois
                  | rN+++}
  5826 | D:7      | Found a transporter.
  5867 | D:7      | Noticed a moth of wrath
  5871 | D:7      | Noticed Menkaure
  5882 | D:7      | Killed Menkaure
  5883 | D:7      | Reached XP level 9. HP: 14/66 MP: 14/14
  6174 | D:7      | Noticed syranez's ghost (novice MiBe)
  6186 | D:7      | Found a transporter.
  6254 | D:7      | Reached * piety under Makhleb
  6405 | D:7      | Reached skill level 5 in Fighting
  6837 | D:8      | Reached skill level 8 in Unarmed Combat
  6880 | D:8      | Identified the +0 ring mail of the Eight Boll Weevils
                  | {rElec Slay+2}
  7062 | D:8      | Reached skill level 5 in Invocations
  7515 | D:8      | Found a shadowy altar of Dithmenos.
  7659 | D:9      | Found a staircase to the Lair.
  7670 | D:9      | Reached XP level 10. HP: 50/75 MP: 17/17
  7675 | D:9      | Reached skill level 5 in Short Blades
  7675 | D:9      | Reached skill level 5 in Long Blades
  7675 | D:9      | Reached skill level 5 in Axes
  7675 | D:9      | Reached skill level 5 in Maces & Flails
  7675 | D:9      | Reached skill level 5 in Polearms
  7675 | D:9      | Reached skill level 5 in Staves
  7675 | D:9      | Reached skill level 5 in Ranged Weapons
  7675 | D:9      | Reached skill level 5 in Throwing
  7675 | D:9      | Reached skill level 5 in Armour
  7675 | D:9      | Reached skill level 5 in Stealth
  7675 | D:9      | Reached skill level 5 in Shields
  7675 | D:9      | Reached skill level 5 in Spellcasting
  7675 | D:9      | Reached skill level 5 in Evocations
  7686 | D:9      | HP: 3/76 [water moccasin (4)]
  8372 | D:9      | Found an ornate altar of the Wu Jian Council.
  8607 | D:9      | Reached ** piety under Makhleb
  8743 | D:9      | Found a basalt altar of Yredelemnul.
  9125 | Lair:1   | Entered Level 1 of the Lair of Beasts
  9311 | Lair:1   | Noticed a black mamba
  9322 | Lair:1   | Killed a black mamba
  9323 | Lair:1   | Reached XP level 11. HP: 46/83 MP: 19/19
  9508 | Lair:1   | Noticed Gastronok
  9521 | Lair:1   | Killed Gastronok
  9522 | Lair:1   | Reached skill level 9 in Unarmed Combat
  9522 | Lair:1   | Reached skill level 5 in Conjurations
  9522 | Lair:1   | Reached skill level 5 in Hexes
  9522 | Lair:1   | Reached skill level 5 in Summonings
  9522 | Lair:1   | Reached skill level 5 in Necromancy
  9522 | Lair:1   | Reached skill level 5 in Translocations
  9522 | Lair:1   | Reached skill level 5 in Transmutations
  9522 | Lair:1   | Reached skill level 5 in Fire Magic
  9522 | Lair:1   | Reached skill level 5 in Ice Magic
  9522 | Lair:1   | Reached skill level 5 in Air Magic
  9522 | Lair:1   | Reached skill level 5 in Earth Magic
  9522 | Lair:1   | Reached skill level 5 in Poison Magic
  9537 | Lair:1   | HP: 1/83 [wolf (8)]
  9729 | Lair:1   | Noticed Amaemon
  9756 | Lair:1   | Killed Amaemon
 10025 | Lair:1   | Noticed Joseph
 10048 | Lair:1   | Mangled by a cane toad

Illustrated notes

Levels and vault maps discovered:
D:1:      mrwooster_arrival_statue, layout_loops_ring, serial_shops,
          nicolae_shop_gibbet_a_chance
D:2:      layout_basic
D:3:      minmay_octagon_keep, layout_basic, mainiacjoe_overflow_tiny_flanked,
          mainiacjoe_overflow_chevrons, serial_shops, shop,
          shapermc_ecumenical_altar_mp_vishouse
D:4:      gammafunk_cloud_chamber, layout_basic,
          nicolae_ossuary_entry_false_entrances, uniq_eustachio
D:5:      layout_basic, mainiacjoe_overflow_catwalk,
          mainiacjoe_overflow_alcove_4, ebering_ghost_gozag,
          minmay_misc_feat_pillars
D:6:      layout_basic, chequers_temple_overflow_minitemple,
          minmay_temple_entry_enclosed_plants
D:7:      layout_basic, gammafunk_ghost_berserking_beasts, the_hattery,
          uniq_menkaure
D:8:      layout_basic, mainiacjoe_overflow_24_doors, fungi_pond_lemuel
D:9:      layout_loops_corners, nicolae_wu_jian_wuxing_cycle,
          mainiacjoe_overflow_alcove_2, minmay_lair_entry_grove, minivault_27
Temple:   eino_temple_lava
Lair:1:   layout_cave_pods, serial_forest, infiniplex_forest_clump_C,
          infiniplex_forest_end_3, infiniplex_forest_corner_2,
          infiniplex_forest_zigzag_1, infiniplex_forest_straight_3,
          infiniplex_forest_clump_small, infiniplex_forest_lined_3,
          grunt_megastairs_4, lemuel_fruit_tree, infiniplex_staircase_pool_2,
          uniq_gastronok, uniq_amaemon, uniq_joseph

Skill      XL: |  1  2  3  4  5  6  7  8  9 10 11 |
---------------+----------------------------------+-----
Invocations    | 1 2 3 4 5 6 7 |  7.1
Short Blades   | 1 2 3 4 5 6 |  6.5
Long Blades    | 1 2 3 4 5 6 |  6.5
Axes           | 1 2 3 4 5 6 |  6.5
Maces & Flails | 1 2 3 4 5 6 |  6.5
Polearms       | 1 2 3 4 5 6 |  6.5
Staves         | 1 2 3 4 5 6 |  6.5
Ranged Weapons | 1 2 3 4 5 6 |  6.5
Throwing       | 1 2 3 4 5 6 |  6.5
Armour         | 1 2 3 4 5 6 |  6.5
Stealth        | 1 2 3 4 5 6 |  6.5
Shields        | 1 2 3 4 5 6 |  6.5
Spellcasting   | 1 2 3 4 5 6 |  6.5
Evocations     | 1 2 3 4 5 6 |  6.5
Conjurations   | 1 2 3 4 5 |  5.3
Hexes          | 1 2 3 4 5 |  5.3
Summonings     | 1 2 3 4 5 |  5.3
Necromancy     | 1 2 3 4 5 |  5.3
Translocations | 1 2 3 4 5 |  5.3
Transmutations | 1 2 3 4 5 |  5.3
Fire Magic     | 1 2 3 4 5 |  5.3
Ice Magic      | 1 2 3 4 5 |  5.3
Air Magic      | 1 2 3 4 5 |  5.3
Earth Magic    | 1 2 3 4 5 |  5.3
Poison Magic   | 1 2 3 4 5 |  5.3
Fighting       | 3 4 5 6 7 |  7.0
Dodging        | 5 6 7 8 |  8.0
Unarmed Combat | 7 8 9 |  9.3
Shapeshifting  | 7 8 |  8.6

Action                     |  1- 3 |  4- 6 |  7- 9 | 10-12 || total
---------------------------+-------+-------+-------+-------++-------
  Melee: Unarmed           |    66 |   128 |   274 |   204 ||   672
         Bite              |     4 |     5 |    38 |    25 ||    72
         Punch             |     1 |     4 |     3 |       ||     8
         Headbutt          |       |     9 |    17 |       ||    26
 Invoke: Minor Destruction |       |       |       |     1 ||     1
Ability: Begin Untransform |       |       |     1 |       ||     1
    Use: Potion            |       |     1 |     7 |     3 ||    11
         Scroll            |       |       |     8 |     3 ||    11
   Stab: Sleeping          |     2 |     1 |     1 |     3 ||     7
 Armour: Animal skin       |     8 |     8 |     2 |       ||    18
         Ring mail         |       |       |    41 |    30 ||    71
  Dodge: Dodged            |    56 |    59 |    73 |    81 ||   269
  Block: Buckler           |       |       |    89 |    95 ||   184
         Reflection        |       |       |     1 |       ||     1
   Form: Beast             |       |       |     1 |       ||     1

Table legend: (Time is in decaauts)
 A = Elapsed time spent in this place.
 B = Non-inter-level travel time spent in this place.
 C = Inter-level travel time spent in this place.
 D = Time resting spent in this place.
 E = Time spent auto-exploring this place.
 F = Levels seen in this place.
 G = Mean time per level.
                   A        B        C        D        E       F      G
               +--------+--------+--------+--------+--------+-----+--------+
         Total |  10008 |   9687 |    321 |    980 |   6137 |  12 |  834.0 |
       Dungeon |   8628 |   8308 |    320 |    384 |   5823 |   9 |  958.7 |
        Temple |     23 |     23 |      0 |      0 |      0 |   1 |   23.0 |
          Lair |    941 |    941 |      0 |    406 |    314 |   1 |  941.0 |
       Ossuary |    415 |    415 |      0 |    190 |      0 |   1 |  415.0 |
               +--------+--------+--------+--------+--------+-----+--------+

Top non-repeatable levels by time:
     D:8: 1213 daAuts
     D:5: 1202 daAuts
     D:9: 1193 daAuts
     D:4: 968 daAuts
     D:3: 952 daAuts
  Lair:1: 941 daAuts
     D:7: 922 daAuts
     D:6: 873 daAuts
     D:1: 775 daAuts
     D:2: 526 daAuts
 Ossuary: 415 daAuts
  Temple: 23 daAuts
